 Dungeon Crawl Stone Soup version 0.21-a0-70-g32e1473 (webtiles) character file.

81956 BarneyGumball the Brawler (level 15, 152/152 HPs)
             Began as a Troll Monk on Oct 10, 2015.
             Was the Champion of Makhleb.
             Quit the game on level 4 of the Orcish Mines on June 18, 2017.
             The game lasted 01:56:49 (25761 turns).

BarneyGumball the Brawler (Troll Monk)             Turns: 25761, Time: 01:56:50

Health: 152/152    AC: 13    Str: 23    XL:     15   Next: 28%
Magic:  22/22      EV: 17    Int:  6    God:    Makhleb [******]
Gold:   1140       SH:  0    Dex: 15    Spells: 14/14 levels left

rFire    . . .     SeeInvis +     - Unarmed
rCold    . . .     Gourm    +   (no shield)
rNeg     . . .     Faith    .   T - quicksilver dragon scales
rPois    .         Spirit   .   (helmet restricted)
rElec    .         Reflect  .   w - +0 cloak
rCorr    .         Harm     +   (gloves unavailable)
MR       ++...                  (boots unavailable)
Stlth    +.........             E - amulet of harm
HPRegen  1.15/turn              e - +2 ring of evasion
MPRegen  0.18/turn              t - ring of see invisible

@: no status effects
A: unfitting armour, beak, claws 3, clumsy 1, fast metabolism 3, gourmand,
regeneration 2, shaggy fur 1, tough skin 2, wild magic 1
a: Minor Destruction, Lesser Servant of Makhleb, Major Destruction, Greater
Servant of Makhleb, Renounce Religion


You were on level 4 of the Orcish Mines.
You worshipped Makhleb.
Makhleb was exalted by your worship.
You were very full.

You visited 4 branches of the dungeon, and saw 25 of its levels.
You also visited: Bailey.

You collected 2475 gold pieces.
You spent 1335 gold pieces at shops.

Inventory:

Armour
 w - a +0 cloak (worn)
 M - +0 pearl dragon scales
 T - quicksilver dragon scales (worn)
Jewellery
 e - a +2 ring of evasion (left claw)
 n - an uncursed ring of positive energy
 q - an uncursed ring of teleportation
 t - a ring of see invisible (right claw)
 B - an uncursed ring of protection from cold
 E - an amulet of harm (around neck)
Wands
 i - a wand of enslavement (9/24)
 k - a wand of flame (3/48)
 A - a wand of lightning (2/15)
 U - a wand of removedness (4/24)
 V - a wand of paralysis (10/24)
 W - a wand of removedness (14/24)
 X - a wand of removedness (0/24)
 Y - a wand of removedness (3/24)
Scrolls
 d - 4 scrolls of blinking {unknown}
 h - 4 scrolls of teleportation
 j - 4 scrolls of enchant armour
 l - 7 scrolls of amnesia
 r - 4 scrolls of identify
 s - 4 scrolls of remove curse
 v - 3 scrolls of enchant weapon
 x - a scroll of noise {unknown}
 y - 2 scrolls of fear
 z - 4 scrolls of random uselessness {unknown}
 H - 7 scrolls of magic mapping
 I - a scroll of vulnerability {unknown}
 N - a scroll of acquirement {unknown}
 Q - a scroll of recharging {unknown}
Potions
 c - 4 potions of might
 g - a potion of degeneration
 m - 11 potions of curing
 p - 6 potions of flight
 u - a potion of lignification
 C - a potion of resistance
 D - a potion of invisibility
 F - a potion of cancellation
 G - 3 potions of ambrosia
 K - a potion of heal wounds
 L - a potion of magic
 P - 2 potions of brilliance
 R - 3 potions of haste {unknown}
 S - a potion of berserk rage
Comestibles
 a - 4 chunks of flesh
 b - 18 bread rations
 f - 3 meat rations
 o - 12 royal jellies
 J - a royal jelly
 O - 19 fruits
 Z - 3 royal jellies


   Skills:
 - Level 10.4 Fighting
 + Level 10.9 Dodging
 - Level 1.0 Stealth
 * Level 17.3 Unarmed Combat
 - Level 11.0 Invocations
 - Level 2.1 Evocations


You had 14 spell levels left.
You didn't know any spells.

Dungeon Overview and Level Annotations

Branches:
Dungeon (13/15)            Temple (1/1) D:5            Lair (7/8) D:10
  Swamp (0/4) Lair:6        Snake (0/4) Lair:3          Orc (4/4) D:12
    Elf (0/3) Orc:3
  Slime: Lair:5-6    Vaults: D:13-14

Altars:
Ashenzari
Cheibriados
Dithmenos
Fedhas
Gozag
Kikubaaqudgha
Makhleb
Nemelex Xobeh
Okawaru
Ru
Sif Muna
Trog
Vehumet
Xom
Zin
Beogh

Shops:
D:5 !   D:11 %   D:13 *   Orc:4 [*


Innate Abilities, Weirdness & Mutations

You are too large for most types of armour.
You have claws for hands.
Your metabolism is lightning-fast.
You like to eat raw meat.
You heal very quickly.
You are covered in fur. (AC +1)
You have very tough skin. (AC +2)
You have a beak for a mouth.
You are clumsy. (Dex -2)
Your spells are a little harder to cast, but a little more powerful.


Message History

P - 2 potions of brilliance (gained 1) I'll put some of them outside for you.
Thank you for shopping at Zees's General Store!
Press: ? - help, v - describe, . - travel, g - get item A wand of heal wounds (4).
Drop what? 52/52 slots (_ for help) (? for menu, Esc to quit)
You drop a wand of paralysis.
U - a wand of heal wounds (4)
There is an entrance to Zees's General Store here.
Press: ? - help, v - describe, . - travel Saving game... please wait.
Welcome back, BarneyGumball the Troll Monk.
Blood and souls for Makhleb!
Press ? for a list of commands and other information.
Welcome back, BarneyGumball the Troll Monk.
Blood and souls for Makhleb!
Press ? for a list of commands and other information.
Are you sure you want to abandon this character and quit the game? (Confirm with "yes".)

.............................
.........P.......#...........
.........P.......#..........
....∩....................
..................#.....
....8.....#.P...P...# .
.P.....).##...P...P.##..
.P....)P................
..P.))P..#..^...@.PPP...
).....#.##.....∩/......#
.....#...#........P...##
......#......8......P..#
..#...#......P.....P#...
.....##...........P....#
......................##
...........#...#......#
......##.####.##.....##


There were no monsters in sight!

Vanquished Creatures
  2 orc warlords
  Josephine (Orc:2)
  Harold (D:10)
  7 hydras
  3 centaur warriors
  Erica (D:9)
  A tengu warrior (D:12)
  12 death yaks
  4 orc high priests
  Nergalle (Orc:2)
  An unseen horror (D:13)
  2 orc sorcerers
  5 removed MONS_HILL_GIANTs
  5 orc knights
  2 removed MONS_GRIFFONs
  2 cyclopes
  16 elephants
  2 centaur zombies
  A manticore (D:13)
  Maurice (Orc:2)
  9 black mambas
  3 gargoyles
  3 torpor snails
  12 spiny frogs
  7 komodo dragons
  An efreet (D:12)
  3 rime drakes
  A tengu conjurer (D:13)
  3 trolls
  8 blink frogs
  5 slime creatures
  A queen bee (D:13)
  A two-headed ogre (D:13)
  A removed MONS_BOULDER_BEETLE (Lair:7)
  3 wyverns
  2 shadows (D:12)
  3 wraiths (Orc:2)
  A deep elf mage (D:9)
  A hungry ghost (D:8)
  A human (D:12)
  40 yaks
  A removed MONS_DEEP_ELF_FIGHTER (D:13)
  13 hippogriffs
  A golden eye (shapeshifter) (D:13)
  A basilisk (Lair:3)
  A warg (Orc:4)
  22 wolves
  A naga (Lair:3)
  An acid dragon (D:12)
  13 water moccasins
  10 swamp worms (Lair:2)
  The ghost of wearedevo the Gusty, an amateur TeAE (D:4)
  A soldier ant (D:12)
  13 porcupines
  An eye of draining (D:11)
  2 black bears
  2 phantoms
  2 ice beasts
  12 ogres
  7 centaurs
  A necrophage (D:13)
  35 orc warriors
  8 sky beasts
  14 crocodiles
  A big kobold (D:13)
  A water moccasin zombie (D:7)
  19 bullfrogs
  4 scorpions
  31 killer bees
  An electric eel (Lair:4)
  4 crimson imps
  3 centaur skeletons
  2 gnoll shamans
  4 jellies
  10 hounds
  6 iguanas
  18 orc priests
  4 bullfrog skeletons
  20 orc wizards
  29 removed MONS_SHEEPs
  8 worker ants
  A hound skeleton (D:9)
  Robin (D:2)
  28 gnolls
  56 river rats
  13 adders
  2 shadow imps
  An ooze (D:1)
  2 adder skeletons
  11 worms
  2 leopard geckos
  174 orcs
  3 ball pythons
  9 bats
  4 giant cockroaches
  14 hobgoblins
  2 jackals (D:1)
  7 frilled lizards
  A giant cockroach zombie (D:6)
  46 goblins
  A jackal skeleton (D:4)
  A jackal zombie (D:5)
  10 kobolds
  3 quokkas
  6 rats
  A fungus (Lair:6)
  2 plants
908 creatures vanquished.

Vanquished Creatures (collateral kills)
  A crocodile (D:10)
1 creature vanquished.

Vanquished Creatures (others)
  An orc (Orc:2)
  22 fungi
  5 plants
28 creatures vanquished.

Grand Total: 937 creatures vanquished

Notes
Turn   | Place    | Note
-------+----------+-------------------------------------------
     0 | D:1      | BarneyGumball the Troll Monk began the quest for the Orb.
     0 | D:1      | Reached XP level 1. HP: 22/22 MP: 0/0
   197 | D:1      | Reached XP level 2. HP: 29/29 MP: 1/1
   541 | D:1      | Reached skill level 5 in Unarmed Combat
   570 | D:1      | Reached XP level 3. HP: 36/36 MP: 2/2
   821 | D:2      | Noticed Robin
   836 | D:2      | Killed Robin
  1281 | D:3      | Reached XP level 4. HP: 44/44 MP: 3/3
  1376 | D:3      | Found a faded altar to an unknown god.
  1529 | D:3      | Reached skill level 6 in Unarmed Combat
  1685 | D:3      | Found a glowing silver altar of Zin.
  1687 | D:3      | Found a shadowy altar of Dithmenos.
  1691 | D:3      | Found a sacrificial altar of Ru.
  1884 | D:4      | Noticed wearedevo's ghost (amateur TeAE)
  1956 | D:4      | Noticed an ogre
  2072 | D:4      | Killed an ogre
  2072 | D:4      | Reached XP level 5. HP: 27/50 MP: 4/4
  2184 | D:4      | Reached skill level 7 in Unarmed Combat
  2217 | D:4      | Reached XP level 6. HP: 57/59 MP: 5/5
  2323 | D:4      | Found a sparkling altar of Nemelex Xobeh.
  2386 | D:4      | Killed wearedevo's ghost
  2386 | D:4      | Reached skill level 8 in Unarmed Combat
  2495 | D:4      | Reached XP level 7. HP: 34/66 MP: 6/6
  2707 | D:5      | Entered Level 5 of the Dungeon
  2795 | D:5      | Reached skill level 9 in Unarmed Combat
  3204 | D:5      | Found a staircase to the Ecumenical Temple.
  3209 | Temple   | Entered the Ecumenical Temple
  3252 | Temple   | Became a worshipper of Makhleb the Destroyer
  3252 | Temple   | Reached piety under Makhleb
  3252 | Temple   | Reached * piety under Makhleb
  3308 | D:5      | Reached skill level 10 in Unarmed Combat
  3319 | D:5      | Found Perarphan's Distillery.
  3322 | D:5      | Bought a potion of curing for 39 gold pieces
  3340 | D:5      | Reached XP level 8. HP: 74/74 MP: 7/7
  3505 | D:5      | Reached skill level 1 in Evocations
  4858 | D:7      | Reached skill level 5 in Dodging
  4876 | D:7      | Reached XP level 9. HP: 68/83 MP: 9/9
  5231 | D:7      | Reached ** piety under Makhleb
  6532 | D:9      | Reached skill level 5 in Fighting
  6549 | D:9      | Reached XP level 10. HP: 78/96 MP: 10/10
  6825 | D:9      | Reached *** piety under Makhleb
  7021 | D:9      | Found a shattered altar of Ashenzari.
  7344 | D:9      | Noticed Erica
  7352 | D:9      | Killed Erica
  7366 | D:10     | Entered Level 10 of the Dungeon
  7491 | D:10     | Noticed a hill giant
  7515 | D:10     | Reached skill level 10 in Dodging
  7520 | D:10     | Killed a hill giant
  7608 | D:10     | Found a staircase to the Lair.
  7608 | D:10     | Noticed an elephant
  7620 | D:10     | Killed an elephant
  7768 | D:10     | Reached XP level 11. HP: 107/107 MP: 11/11
  7785 | D:10     | Reached skill level 1 in Invocations
  8061 | D:10     | Noticed Harold
  8089 | D:10     | Killed Harold
  8492 | Lair:1   | Entered Level 1 of the Lair of Beasts
  8684 | Lair:1   | Reached **** piety under Makhleb
 10944 | Lair:2   | Reached skill level 5 in Invocations
 11187 | Lair:3   | Reached XP level 12. HP: 126/126 MP: 14/14
 11302 | Lair:3   | Reached skill level 10 in Fighting
 11558 | Lair:3   | Found a staircase to the Snake Pit.
 13030 | Lair:4   | Reached skill level 11 in Unarmed Combat
 13495 | Lair:4   | HP: 1/127 [death yak (20)]
 13800 | Lair:5   | Noticed a four-headed hydra
 13970 | D:11     | Found Coc Fuid's Food Boutique.
 14086 | D:8      | Reached skill level 12 in Unarmed Combat
 14220 | D:5      | Bought a potion of beneficial mutation for 455 gold pieces
 14220 | D:5      | Gained mutation: You have a beak for a mouth. [potion of beneficial mutation]
 14459 | D:11     | Identified the Collected Works on Warped Calling
 14828 | D:11     | Reached XP level 13. HP: 107/135 MP: 17/17
 15354 | D:12     | Found a staircase to the Orcish Mines.
 16175 | D:12     | Reached skill level 13 in Unarmed Combat
 16684 | D:13     | Found Hahaph's Assorted Antiques.
 16883 | D:13     | Found a flagged portal.
 16896 | Bailey   | Entered a bailey
 17197 | Bailey   | Noticed an orc warlord
 17218 | Bailey   | Killed an orc warlord
 17278 | Bailey   | Identified the Volume of Snow and Displacement
 17331 | D:13     | Gained mutation: Your spells are a little harder to cast, but a little more powerful. [potion of beneficial mutation]
 17418 | D:13     | Reached skill level 14 in Unarmed Combat
 18758 | Lair:4   | Reached XP level 14. HP: 129/144 MP: 20/20
 19270 | Lair:5   | Reached skill level 10 in Invocations
 19492 | Lair:5   | Killed a five-headed hydra
 19613 | Lair:5   | Reached skill level 15 in Unarmed Combat
 20167 | Lair:6   | Found a staircase to the Swamp.
 21655 | Lair:6   | Reached skill level 16 in Unarmed Combat
 23088 | Orc:1    | Entered Level 1 of the Orcish Mines
 23597 | Orc:2    | Noticed Josephine
 23604 | Orc:2    | Killed Josephine
 23604 | Orc:2    | Reached XP level 15. HP: 152/152 MP: 22/22
 23639 | Orc:2    | Noticed Nergalle
 23653 | Orc:2    | Killed Nergalle
 23987 | Orc:2    | Noticed Maurice
 24001 | Orc:2    | Killed Maurice
 24597 | Orc:3    | Found a roughly hewn altar of Beogh.
 24790 | Orc:3    | Found a staircase to the Elven Halls.
 25096 | Orc:4    | Entered Level 4 of the Orcish Mines
 25129 | Orc:3    | Reached skill level 17 in Unarmed Combat
 25148 | Orc:4    | Noticed an Executioner
 25561 | Orc:4    | Found Cochoc's Antique Armour Boutique.
 25646 | Orc:4    | Found Zees's General Store.
 25655 | Orc:4    | Gained mutation: You are clumsy. (Dex -2) [a neqoxec]
 25756 | Orc:4    | Bought a wand of teleportation (3) for 231 gold pieces
 25756 | Orc:4    | Bought a scroll of magic mapping for 38 gold pieces
 25756 | Orc:4    | Bought a wand of heal wounds (4) for 528 gold pieces
 25756 | Orc:4    | Bought a potion of brilliance for 44 gold pieces
 25761 | Orc:4    | Upgraded the game from 0.17-a0-2027-gcac42c4 to 0.21-a0-41-g5e91fef
 25761 | Orc:4    | Upgraded the game from 0.21-a0-41-g5e91fef to 0.21-a0-70-g32e1473
 25761 | Orc:4    | Quit the game

Vault maps used:
D:1:      dpeg_arrival_rooms_c
D:2:      uniq_robin
D:3:      grunt_temple_overflow_open, ecumenical_altar_2
D:4:      nemelex_deck
D:5:      minmay_temple_entry_nine_rooms, first_bread, serial_shops,
          nicolae_shop_behind_doors
D:9:      ashenzari_altar_1, uniq_erica
D:10:     david_lair_generic, uniq_harold
D:11:     serial_shops, shop
D:12:     erik_orc_4, grunt_tengu_nest, grunt_potential
D:13:     grunt_vaults_entry_fortified, enter_bailey_3, serial_shops,
          nicolae_shop_overgrown_old_shop, basic_altar
Temple:   nicolae_temple_elliptical
Lair:1:   grunt_megastairs_3
Lair:2:   worms_lemuel
Lair:3:   guppyfry_snake_entry_island, serial_bayou_shore_b
Lair:4:   infiniplex_staircase_pool, lemuel_fruit_fields, serial_bayou_shore_a
Lair:5:   serial_bayou_shore_b, bh_autumn_forest_stairs
Lair:6:   swamp_mist, cheibrodos_lair_reptile_den, grunt_megastairs_2
Lair:7:   st_stairs_10, minmay_stone_trees_large
Orc:1:    library_closet
Orc:2:    uniq_josephine, uniq_nergalle, uniq_maurice
Orc:3:    nicolae_orc_pool_cavern, minmay_orc_temple_a
Orc:4:    grunt_orc_gardens, grunt_orc_garden, grunt_orc_garden,
          grunt_orc_garden, grunt_orc_garden, nooodl_orcs_dogs
Bailey:   bailey_axe_minmay_hex_keep, bailey

Skill      XL: |  1  2  3  4  5  6  7  8  9 10 11 12 13 14 15 |
---------------+----------------------------------------------+-----
Unarmed Combat | 5 6 7 8 10 12 14 16 17 | 17.3
Evocations     | 1 |  2.1
Dodging        | 5 10 | 10.9
Fighting       | 5 10 | 10.4
Invocations    | 5 10 | 11.0
Stealth        | |  1.0

Action                   |  1- 3 |  4- 6 |  7- 9 | 10-12 | 13-15 || total
-------------------------+-------+-------+-------+-------+-------++-------
Melee: Unarmed           |   105 |   110 |   275 |   909 |  1402 ||  2801
Invok: Lesser Servant of |       |       |       |     2 |       ||     2
       Greater Servant o |       |       |       |       |     1 ||     1
Evoke: Club              |       |       |       |       |    61 ||    61
  Use: Scroll            |       |     5 |     4 |     6 |    11 ||    26
       Potion            |       |       |       |     5 |     7 ||    12
 Stab: Sleeping          |     2 |     3 |     2 |       |       ||     7
       Distracted        |       |       |     1 |       |     1 ||     2
  Eat: Chunk             |    15 |    10 |    30 |    76 |   100 ||   231
       Meat ration       |       |       |     2 |       |       ||     2
       Buggy             |       |       |     1 |     1 |       ||     2
       Fruit             |       |       |     1 |       |       ||     1
